 Dungeon Crawl Stone Soup version 0.18-a0-1347-gb9e2fb4 (webtiles) character file.

383 M4edhros the Sneak (level 6, -1/42 HPs)
             Began as an Octopode Monk on Feb 17, 2016.
             Was a Priest of Cheibriados.
             Slain by an ogre
             ... wielding a +0 giant spiked club
              (28 damage)
             ... on level 4 of the Dungeon on Feb 18, 2016.
             The game lasted 00:06:40 (1340 turns).

M4edhros the Sneak (Octopode Monk)                  Turns: 1340, Time: 00:06:41

Health: -1/42      AC:  1    Str: 17      XL:     6   Next: 76%
Magic:  6/6        EV: 21    Int: 18      God:    Cheibriados [***...]
Gold:   128        SH:  0    Dex: 20 (21) Spells: 0 memorised, 5 levels left

rFire  . . .     SeeInvis .       - Unarmed
rCold  . . .     Gourm    .     (no shield)
rNeg   . . .     Faith    .     (helmet restricted)
rPois  .         Spirit   .     (no amulet)
rElec  .         Dismiss  .     j - -6 ring of dexterity (curse)
rCorr  .         Reflect  .     (no ring)
SustAt .         Harm     .     (no ring)
MR     .....                    (no ring)
Stlth  ++++++....               (no ring)
                                (no ring)
                                (no ring)
                                (no ring)

@: agile, exhausted, flying, slowed, very slow, not resistant to hostile
enchantments, very stealthy
A: almost no armour, amphibious, 8 rings, constrict 8, camouflage 1, gelatinous
body 1
a: Bend Time, Temporal Distortion, Renounce Religion


You were on level 4 of the Dungeon.
You worshipped Cheibriados.
Cheibriados was most pleased with you.
You were not hungry.

You visited 1 branch of the dungeon, and saw 4 of its levels.
You also visited: Sewer.

You collected 128 gold pieces.

Inventory:

Missiles
 f - 69 stones (quivered)
 h - 7 needles of slowing
 m - a throwing net
Jewellery
 j - a cursed -6 ring of dexterity (left tentacle)
Wands
 l - a wand of polymorph (15/24)
Scrolls
 b - 2 scrolls of teleportation
 d - 3 scrolls of blinking
 g - 2 scrolls of enchant armour
 i - a scroll of immolation
 n - 3 scrolls of identify
 r - a scroll of remove curse {unknown}
Potions
 c - 2 potions of curing
 e - a potion of flight
 p - a potion of berserk rage
 s - a potion of lignification {unknown}
Comestibles
 a - a bread ration
 k - 4 fruits
 o - a beef jerky


   Skills:
 - Level 3.0 Fighting
 + Level 5.0 Dodging
 + Level 6.3 Stealth
 + Level 5.3 Unarmed Combat


You had 5 spell levels left.
You didn't know any spells.

Dungeon Overview and Level Annotations

Branches:
Dungeon (4/15)
 Temple: D:4-7

Altars:
Cheibriados
Dithmenos
Makhleb
Pakellas
Ru


Innate Abilities, Weirdness & Mutations

You cannot wear most types of armour.
You are amphibious.
You can wear up to eight rings at the same time.
You can use your tentacles to constrict eight enemies at once.
Your skin changes colour to match your surroundings (Stealth).
Your rubbery body absorbs attacks (AC +1).


Message History

You fly up into the air.
Drink which item? (? for menu, Esc to quit)
It was a potion of berserk rage.
A red film seems to cover your vision as you go berserk!
Cheibriados protects you from inadvertent hurry.
You feel mighty!
You feel a strong urge to attack something.
You feel your anger subside.
You are no longer berserk.
You are exhausted.
You feel yourself slow down.
Drink which item? (? for menu, Esc to quit)
It was a potion of agility.
You feel agile all of a sudden.
You barely miss the ogre. You squeeze the ogre, but do no damage.
The ogre completely misses you.
You tentacle-slap the ogre. x2; You squeeze the ogre.
The ogre is heavily wounded.
The ogre hits you with a giant spiked club!!
Ouch! That really hurt!
You die...

#### ## #..# ≈.##..#
.... b#..# ..... #..##
..... # #...# ....
.### #@#.# #.. ..#
#O#.# #.####.# #.#.#
##...##.###.#.##### #
#..................
.#.#.#..##..##.#.##...
.........#..##.#.# .
##.#.#...#..#$.#....
....>................


You could see an ogre.

Vanquished Creatures
  The ghost of M4edhros the Sneak, an amateur OpMo (D:4)
  A big kobold (Sewer)
  A quasit (D:3)
  2 orc priests (D:3)
  5 river rats
  2 worms
  6 orcs (D:3)
  A ball python (D:3)
  3 bats
  4 giant cockroaches
  4 goblins
  5 hobgoblins (D:2)
  A jackal (Sewer)
  A quokka (D:2)
  3 giant newts
  11 kobolds
  3 rats
54 creatures vanquished.

Vanquished Creatures (others)
  2 fungi (D:4)
2 creatures vanquished.

Grand Total: 56 creatures vanquished

Notes
Turn   | Place    | Note
--------------------------------------------------------------
     0 | D:1      | M4edhros the Octopode Monk began the quest for the Orb.
     0 | D:1      | Reached XP level 1. HP: 16/16 MP: 1/1
   112 | D:2      | Found a burning altar of Makhleb.
   118 | D:2      | Reached XP level 2. HP: 5/21 MP: 2/2
   238 | D:2      | Found a snail-covered altar of Cheibriados.
   244 | D:2      | Became a worshipper of Cheibriados the Contemplative
   244 | D:2      | Reached * piety under Cheibriados
   244 | D:2      | Reached ** piety under Cheibriados
   566 | D:2      | Found an oddly glowing altar of Pakellas.
   578 | D:2      | Reached XP level 3. HP: 18/26 MP: 3/3
   709 | D:3      | Found a sacrificial altar of Ru.
   709 | D:3      | Found a shadowy altar of Dithmenos.
   732 | D:3      | Reached XP level 4. HP: 2/31 MP: 4/4
  1025 | D:3      | Reached skill level 5 in Stealth
  1025 | D:3      | Reached XP level 5. HP: 23/36 MP: 5/5
  1088 | D:3      | Found a glowing drain.
  1096 | Sewer    | Entered a sewer
  1153 | Sewer    | Noticed a big kobold
  1170 | Sewer    | Killed a big kobold
  1170 | Sewer    | Reached *** piety under Cheibriados
  1170 | Sewer    | Reached skill level 5 in Unarmed Combat
  1170 | Sewer    | Reached XP level 6. HP: 19/42 MP: 6/6
  1204 | Sewer    | Found a white marble altar of Elyvilon.
  1291 | D:4      | Noticed M4edhros's ghost (amateur OpMo)
  1305 | D:4      | Killed M4edhros's ghost
  1305 | D:4      | Reached skill level 5 in Dodging
  1305 | D:4      | Reached skill level 6 in Stealth
  1340 | D:4      | Slain by an ogre

Vault maps used:
D:1:      dpeg_arrival_rooms_a, due_unseen_surprise
D:2:      grunt_temple_overflow_order_and_chaos_2, kiku_gazebo_garden_becter,
          cheibriados_altar_1, nicolae_overflow_crystal_walls
D:3:      gammafunk_temple_overflow_wave, portal_sewer_entry_e,
          wad_floor_pattern_untrapped, solitary_fountain
D:4:      grunt_temple_overflow_opulence, serial_aquarium,
          aquarium_bridge_straight, aquarium_bridge_island_small,
          aquarium_window_fake, aquarium_window_fake, aquarium_window_corner,
          aquarium_window_corridor_2, aquarium_view_2e, aquarium_balcony_1b,
          first_bread
Sewer:    sewer_kobolds

Action                   |  1- 3 |  4- 6 || total
-------------------------+-------+-------++-------
Melee: Unarmed           |    47 |    87 ||   134
  Use: Scroll            |     4 |       ||     4
       Potion            |       |     6 ||     6
 Stab: Sleeping          |     6 |     7 ||    13
       Distracted        |       |     1 ||     1
